 Dungeon Crawl Stone Soup version 0.30.0-10-gfe55d96785 (webtiles) character file.

Game seed: 12870276540314759370

918959 MacCMillion the Metallomancer (level 27, -17/188 HPs)
             Began as a Gargoyle Earth Elementalist on May 13, 2023.
             Was the Champion of Vehumet.
             Demolished by a caustic shrike (19 damage)
             ... on level 4 of the Iron City of Dis on May 14, 2023.
             The game lasted 07:02:16 (129304 turns).

MacCMillion the Metallomancer (GrEE)              Turns: 129304, Time: 07:02:16

Health: -17/188    AC: 32    Str: 11 (15) XL:     27
Magic:  43/43      EV: 20    Int: 33      God:    Vehumet [******]
Gold:   11395      SH: 13    Dex: 13      Spells: 7/68 levels left

rFire   . . .        k - staff of conjuration
rCold   + . .        n - +0 kite shield
rNeg    + + .        y - quicksilver dragon scales
rPois   ∞            Y - +2 helmet {SInv}
rElec   +            K - scarf {repulsion}
rCorr   .            J - +0 pair of gloves of Umigg {Dex+3}
SInv    +            U - +3 pair of mountain boots {steadfast, rC+}
Will    +++..        N - amulet of magic regeneration
Stlth   ++++         a - +6 ring of intelligence
HPRegen 0.51/turn    x - ring of Irotsonk {rN+ EV+5}
MPRegen 0.68/turn

%: repel missiles
@: brilliant, corroded, flying, very slightly contaminated, studying Necromancy
A: sickness immunity, AC +20, big wings, negative energy resistance 1,
electricity resistance, torment resistance 1, petrification resistance, low MP
1, mutation resistance 1
}: 8/15 runes: barnacled, slimy, silver, obsidian, icy, bone, abyssal, gossamer
a: Renounce Religion


You were on level 4 of the Iron City of Dis.
You worshipped Vehumet.
Vehumet was exalted by your worship.
You visited 17 branches of the dungeon, and saw 82 of its levels.
You visited the Abyss 1 time.
You visited 1 bazaar.
You also visited: Trove, Ossuary, Bailey, Ice Cave and Wizlab.

You collected 13390 gold pieces.
You spent 1995 gold pieces at shops.

Inventory:

Armour
 n - a +0 kite shield (worn)
 y - quicksilver dragon scales (worn)
 J - the +0 pair of gloves of Umigg (worn) {Dex+3}
   (You found it in an ice cave)

   Dex:       It affects your dexterity (+3).
 K - a scarf of repulsion (worn)
 L - the -2 hat of the Alchemist {rElec rPois rF+ rC+ rN+ Will+ rMut rCorr}
   (You found it on level 7 of Tartarus)

   rF:        It protects you from fire.
   rC:        It protects you from cold.
   rElec:     It insulates you from electricity.
   rPois:     It protects you from poison.
   rN:        It protects you from negative energy.
   rCorr:     It protects you from acid and corrosion.
   rMut:      It protects you from mutation.
   Will:      It increases your willpower.
 U - the +3 pair of mountain boots (worn) {steadfast, rC+}
   (You found it on level 3 of the Elven Halls)

   Steadfast: It prevents involuntary movement, except for blinking,
   teleportation, or banishment.
   rC:        It protects you from cold.
 Y - a +2 helmet of see invisible (worn)
Magical Staves
 k - a staff of conjuration (weapon)
 s - a staff of earth
Jewellery
 a - a +6 ring of intelligence (left hand)
 e - an amulet of regeneration
 g - the ring "Wuzaoxal" {rC+ rCorr}
   (You bought it in a shop on level 1 of the Depths)

   [ring of protection from cold]

   rC:        It protects you from cold.
   rCorr:     It protects you from acid and corrosion.
 h - a ring of protection from cold
 j - a ring of resist corrosion
 p - a ring of protection from fire
 u - the ring of Day {Drain rF++ Will+ Str+4}
   (You took it off a tengu reaver on level 5 of the Vaults)

   [ring of willpower]

   Str:       It affects your strength (+4).
   rF:        It greatly protects you from fire.
   Drain:     It drains your maximum health when unequipped.
   Will:      It increases your willpower.
 x - the ring of Irotsonk (right hand) {rN+ EV+5}
   (You took it off a deep elf zephyrmancer on level 3 of the Elven Halls)

   [ring of evasion]

   EV:        It affects your evasion (+5).
   rN:        It protects you from negative energy.
 N - an amulet of magic regeneration (around neck)
Wands
 H - a wand of iceblast (80)
 M - a wand of quicksilver (55)
 P - a wand of charming (85)
 S - a wand of digging (54)
 Z - a wand of polymorph (22)
Scrolls
 c - 8 scrolls of magic mapping
 d - 14 scrolls of immolation
 f - 4 scrolls of butterflies
 i - 3 scrolls of blinking
 l - 11 scrolls of poison
 t - 9 scrolls of vulnerability
 v - 16 scrolls of fear
 w - 10 scrolls of amnesia
 C - 13 scrolls of teleportation
 G - 4 scrolls of fog
 R - 8 scrolls of silence
 T - 4 scrolls of torment
 W - 10 scrolls of enchant armour
Potions
 b - 3 potions of resistance
 q - 23 potions of mutation
 r - 8 potions of brilliance
 z - 22 potions of curing
 A - 14 potions of heal wounds
 B - 4 potions of invisibility
 D - 5 potions of cancellation
 E - 10 potions of ambrosia
 F - 10 potions of lignification
 Q - a potion of magic
 V - 7 potions of might
 X - 5 potions of haste
Miscellaneous
 m - a phantom mirror (inert)
 o - a lightning rod (4/4)
 I - a box of beasts
 O - a condenser vane


   Skills:
 - Level 23.4 Fighting
 + Level 11.9 Staves
 - Level 19.7 Armour
 - Level 15.3 Dodging
 - Level 12.0 Stealth
 - Level 15.0 Shields
 + Level 21.2 Spellcasting
 + Level 21.8 Conjurations
 - Level 13.8 Summonings
 - Level 7.0 Necromancy
 - Level 4.0 Translocations
 - Level 0.7 Transmutations
 - Level 20.0 Fire Magic
 - Level 13.0 Ice Magic
 - Level 7.0 Air Magic
 + Level 26.6 Earth Magic
 - Level 5.7 Evocations


You had 7 spell levels left.
You knew the following spells:

 Your Spells              Type           Power      Damage    Failure   Level
a - Lehudib's Crystal Sp  Conj/Erth      82%        10d18     1%          8
b - Stone Arrow           Conj/Erth      100%       3d13      0%          3
c - Frozen Ramparts       Ice            100%       1d16      1%          3
d - Freezing Cloud        Conj/Ice/Air   68%        6-21      1%          5
e - Spellforged Servitor  Conj/Summ      74%        N/A       1%          7
f - Fireball              Conj/Fire      78%        3d29      0%          5
g - Borgnjor's Vile Clut  Necr/Erth      60%        N/A       1%          5
h - Iron Shot             Conj/Erth      82%        9d15      0%          6
i - Shatter               Erth           71%        3d52*     1%          9
j - Ignition              Fire           64%        3d17      1%          8
x - Blink                 Tloc           100%       N/A       1%          2

Your spell library contained the following spells:

 Spells                   Type           Power      Damage    Failure   Level
 Chain Lightning          Conj/Air       69%        3d92      86%         9
 Kiss of Death            Conj/Necr      100%       2d13      0%          1
 Magic Dart               Conj           100%       1d8       0%          1
 Sandblast                Erth           100%       2d20      0%          1
 Summon Small Mammal      Summ           100%       N/A       0%          1
 Momentum Strike          Conj/Tloc      100%       3d10      0%          2
 Passwall                 Tmut/Erth      93%        N/A       0%          2
 Static Discharge         Conj/Air       100%       2-7/arc   0%          2
 Animate Armour           Summ/Erth      100%       N/A       0%          4
 Flame Wave               Conj/Fire      100%       2d21      0%          4
 Sticky Flame             Conj/Fire      100%       2d11      0%          4
 Iskenderun's Battlesphe  Conj           100%       2d15      0%          5
 Apportation              Tloc           100%       N/A       1%          1
 Necrotise                Necr           100%       1d9       1%          1
 Ensorcelled Hibernation  Hex/Ice        100%       N/A       1%          2
 Lesser Beckoning         Tloc           100%       N/A       1%          2
 Poisonous Vapours        Pois/Air       100%       N/A       1%          2
 Call Canine Familiar     Summ           100%       N/A       1%          3
 Gell's Gravitas          Tloc           75%        N/A       1%          3
 Inner Flame              Hex/Fire       100%       N/A       1%          3
 Mephitic Cloud           Conj/Pois/Air  100%       N/A       1%          3
 Summon Guardian Golem    Hex/Summ       88%        N/A       1%          3
 Teleport Other           Tloc           75%        N/A       1%          3
 Vhi's Electric Charge    Tloc/Air       100%       N/A       1%          3
 Airstrike                Air            44%        2d(7-23)  1%          4
 Animate Dead             Necr           89%        N/A       1%          4
 Dispel Undead            Necr           89%        3d28      1%          4
 Ice Form                 Ice/Tmut       88%        N/A       1%          4
 Iskenderun's Mystic Bla  Conj/Tloc      100%       2d19      1%          4
 Petrify                  Tmut/Erth      100%       N/A       1%          4
 Summon Ice Beast         Ice/Summ       100%       N/A       1%          4
 Summon Lightning Spire   Summ/Air       100%       N/A       1%          4
 Arcjolt                  Conj/Air       69%        1d79      1%          5
 Irradiate                Conj/Tmut      64%        3d33      1%          5
 Conjure Ball Lightning   Conj/Air       69%        3x3d26    1%          6
 Plasma Beam              Fire/Air       55%        2x1d77    1%          6
 Starburst                Conj/Fire      78%        6d20      1%          6
 Summon Cactus Giant      Summ           56%        N/A       1%          6
 Orb of Destruction       Conj           79%        9d18      1%          7
 Summon Forest            Summ/Tloc      48%        N/A       2%          5
 Wereblood                Tmut           56%        N/A       3%          2
 Ozocubu's Refrigeration  Ice            55%        4d19      3%          7
 Portal Projectile        Hex/Tloc       100%       N/A       4%          3
 Agony                    Necr           89%        N/A       4%          5
 Summon Mana Viper        Hex/Summ       88%        N/A       4%          5
 Manifold Assault         Tloc           75%        N/A       6%          4
 Passage of Golubria      Tloc           75%        N/A       6%          4
 Metabolic Englaciation   Hex/Ice        43%        N/A       6%          5
 Anguish                  Hex/Necr       36%        N/A       7%          4
 Spider Form              Tmut/Pois      54%        N/A       8%          3
 Simulacrum               Ice/Necr       50%        N/A       8%          6
 Confusing Touch          Hex            51%        N/A       9%          3
 Tukima's Dance           Hex            51%        N/A       9%          3
 Olgreb's Toxic Radiance  Pois           51%        N/A       9%          4
 Monstrous Menagerie      Summ           56%        N/A       9%          7
 Summon Hydra             Summ           56%        N/A       9%          7
 Yara's Violent Unravell  Hex/Tmut       27%        3d12      19%         5
 Silence                  Hex/Air        36%        N/A       21%         5
 Death Channel            Necr           44%        N/A       26%         6
 Cause Fear               Hex            25%        N/A       30%         4
 Blade Hands              Tmut           28%        N/A       52%         5
 Malign Gateway           Summ/Tloc      48%        N/A       54%         7
 Dispersal                Tloc           37%        N/A       65%         6
 Eringya's Noxious Bog    Tmut/Pois      27%        N/A       67%         6
 Storm Form               Tmut/Air       37%        N/A       99%         7
 Dragon Form              Tmut           28%        N/A       100%        7
 Enfeeble                 Hex            25%        N/A       100%        7
 Summon Horrible Things   Summ           56%        N/A       56%         8
 Maxwell's Capacitive Co  Air            44%        ∞         93%         8
 Polar Vortex             Ice            55%        N/A       96%         9
 Discord                  Hex            25%        N/A       100%        8
 Disjunction              Tloc           37%        N/A       100%        8
 Dragon's Call            Summ           56%        N/A       100%        9
 Sublimation of Blood     Necr           Unusable   N/A       N/A         2
 Statue Form              Tmut/Erth      Unusable   N/A       N/A         6

Dungeon Overview and Level Annotations

Branches:
Dungeon (15/15)            Temple (1/1) D:7            Lair (5/5) D:11
 Shoals (4/4) Lair:2       Spider (4/4) Lair:3        Slime (5/5) Lair:5
    Orc (2/2) D:9             Elf (3/3) Orc:2        Vaults (5/5) D:14
  Crypt (3/3) Vaults:3       Tomb (0/3) Crypt:3      Depths (4/4) D:15
   Hell (visited)             Dis (4/7) Hell            Geh (7/7) Hell
    Coc (7/7) Hell            Tar (7/7) Hell            Zot (5/5) Depths:4
Ossuary (visited)          Bailey (visited)           IceCv (visited)
 WizLab (visited)

Altars:
Ashenzari
Cheibriados
Dithmenos
Elyvilon
Fedhas
Gozag
Hepliaklqana
Makhleb
Nemelex Xobeh
Okawaru
Qazlal
Ru
Sif Muna
Trog
Uskayaw
Vehumet
Wu Jian
Xom
Yredelemnul
Zin
The Shining One
Jiyva

Shops:
D:6 (   D:7 =   Orc:2 (?*[   Elf:2 *   Vaults:2 (   Vaults:3 !   Zot:2 *
Depths:1 :=:

Portals:
Hell: Depths:1 Depths:2 Depths:3 Depths:4
Abyss: Crypt:2 Depths:2 Depths:3 Depths:4
Pandemonium: Depths:1 Depths:2 Depths:3 Depths:4
Ziggurat: Depths:1

Annotations:
D:3 1 runed translucent door, McKennaii's ghost, amateur DgCj
D:5 1 runed translucent door
D:7 Joseph
Lair:3 2 runed translucent doors, exclusion: oklob plant, Befuwnopp's ghost, journeyman TrHu
Lair:4 1 runed translucent door, Nyzic's ghost, journeyman TrMo
Shoals:3 1 runed translucent door, ohados's ghost, adept FeTm
Spider:1 3 runed translucent doors, LaMa's ghost, adept DrIE
Orc:1 2 transporters, Yblufa Ojint's ghost, journeyman MiBe
Crypt:2 2 transporters
Coc:7 exclusion: ice statue


Innate Abilities, Weirdness & Mutations

You are immune to sickness and miasma.
Your stone body is resilient. (AC +20)
You are immune to poison.
Your large and strong wings let you fly.
You resist negative energy. (rN+)
You are resistant to electric shocks. (rElec)
You are resistant to unholy torment.
You are immune to petrification.
Your magical capacity is low. (-10% MP)
You are somewhat resistant to further mutation.


Message History

Okay, then.
Unknown command.
Unknown command.
Okay, then.
Casting: Shatter (dangerous; 1% risk of failure)
Confirm with . or Enter, or press ? or * to list all spells.
You feel a surge of power!
Really attack near your spellforged servitor?
The dungeon rumbles!
You kill the caustic shrike!
Vehumet accepts your kill.
You feel your power returning.
The Hell Sentinel roars!
The Hell Sentinel is moderately wounded.
The Hell Sentinel is almost dead.
Your spellforged servitor is heavily damaged.
The iron golem is severely damaged.
Ka-crash!
You feel your dexterity returning.
Unknown command.
Unknown command.
Casting: Shatter (dangerous; 1% risk of failure)
Confirm with . or Enter, or press ? or * to list all spells.
You feel a surge of power!
Really attack near your spellforged servitor?
The dungeon rumbles!
The caustic shrike is severely wounded.
You kill the Hell Sentinel!
Vehumet accepts your kill.
You feel your power returning.
You kill the Hell Sentinel!
Vehumet accepts your kill.
You feel your power returning.
You destroy the iron golem!
Vehumet accepts your kill.
You feel your power returning.
Your spellforged servitor is severely damaged.
Ka-crash!
The caustic shrike claws you!!
You die...

...........#.......#
...1...............#
.r.9......r##......#
.....##....##..9...##
..##.##.............
...............#
...............#
...>...........#
.......@b......#
..##.#.#.####### ##
##


You could see a caustic shrike (ally target), a crystal echidna and a friendly
spellforged servitor (summoned, corroded).

Vanquished Creatures
  Antaeus (Coc:7)
  Asmodeus (Geh:7)
  Ereshkigal (Tar:7)
  the Royal Jelly (Slime:5)
  Dissolution (Slime:5)
  7 dread liches
  3 ancient liches
  4 orbs of fire
  Mennas (Vaults:5)
  3 Killer Klowns (Zot:5)
  Vv (Depths:2)
  Saint Roka (Vaults:1)
  Boris (Vaults:2)
  10 shard shrikes
  Bai Suzhen (Vaults:5)
  Frederick (Depths:4)
  12 golden dragons
  3 curse toes
  5 caustic shrikes
  Nikola (Shoals:3)
  6 bone dragons
  19 profane servitors
  3 electric golems
  6 doom hounds
  2 spectral shard shrikes (Tar:3)
  16 Tzitzimimeh
  8 Brimstone Fiends
  An iron giant (Dis:3)
  5 Hell Sentinels (Dis:4)
  8 hellephants
  Rupert (D:15)
  8 Ice Fiends
  12 Orb Guardians (Zot:5)
  20 tainted leviathans
  3 walking frostbound tomes
  10 tentacled monstrosities
  2 deep elf blademasters (Elf:3)
  9 titans
  A walking crystal tome (WizLab)
  11 liches
  2 deep elf master archers (Elf:3)
  8 ancient champions
  4 quicksilver dragons
  3 krakens
  3 death cobs
  A tentacled starspawn (Abyss:3)
  18 acid blobs
  16 searing wretches
  9 storm dragons
  6 sphinxes
  Agnes (D:15)
  5 tengu reavers
  Kirke (Lair:5)
  9 shadow dragons
  10 draconian monks
  6 revenants
  Roxanne (Spider:1)
  10 azure jellies
  13 narguns
  2 strange machines (WizLab)
  20 fire giants
  3 rockslimes
  4 draconian knights
  19 frost giants
  5 emperor scorpions
  4 quicksilver elementals
  3 iron dragons
  4 ghost moths
  7 draconian scorchers
  18 balrugs
  2 deep elf elementalists (Elf:3)
  20 vault wardens
  8 deep elf sorcerers
  3 spectral caustic shrikes
  5 curse skulls
  20 ironbound preservers
  A spectral juggernaut (Tar:1)
  5 shard shrike simulacra
  3 draconian annihilators
  3 spriggan defenders
  4 draconian shifters
  A caustic shrike zombie (Crypt:1)
  3 cacodemons (Crypt:2)
  8 draconian stormcallers
  An orc warlord (Bailey)
  8 broodmothers
  15 stone giants
  28 very ugly things
  8 quicksilver oozes
  12 war gargoyles
  4 reapers
  9 green draconians
  19 elemental wellsprings
  15 putrid mouths
  3 ironbound thunderhulks
  11 vampire knights
  Azrael (D:15)
  3 demonspawn black suns (Zot:3)
  14 white draconians
  5 deep elf demonologists
  7 yellow draconians
  10 black draconians
  11 dire elephants
  4 spark wasps
  13 wendigos
  7 red draconians
  6 deep elf annihilators
  10 purple draconians
  A green death (Hell)
  6 merfolk javelineers
  2 blizzard demons (Hell)
  12 ettins
  3 crystal guardians
  4 eidola
  11 merfolk impalers
  9 deep elf death magi
  A spectral iron giant (Geh:6)
  Josephine (Lair:5)
  14 fire dragons
  An elf zombie (Crypt:2)
  3 spectral spriggans
  2 spectral krakens (Tar:7)
  15 jiangshi
  17 yaktaur captains
  6 deep elf high priests
  7 entropy weavers
  8 great orbs of eyes
  3 spriggan zombies
  14 hydras
  14 rakshasas
  9 caustic shrike simulacra
  3 iron golems
  3 salamander tyrants
  34 vault guards
  A hell beast (Depths:3)
  5 juggernaut simulacra
  2 spriggan skeletons (Crypt:2)
  2 radroaches
  22 centaur warriors
  A fenstrider witch zombie (Crypt:2)
  12 ice dragons
  3 ogre magi
  A peacekeeper (Vaults:4)
  A spriggan air mage (Depths:4)
  9 stokers
  3 catoblepae
  A satyr (Shoals:4)
  2 death knights
  An alligator snapping turtle (Shoals:4)
  3 merfolk aquamancers
  5 merfolk avatars
  A spectral stone giant (Geh:6)
  35 dancing weapons
  A jorogumo (Spider:4)
  11 two-headed ogres
  11 boulder beetles
  6 vampire magi
  9 deep troll shamans
  9 ironbound frosthearts
  10 orc high priests
  17 hell hogs
  A spectral naga (Geh:6)
  3 tengu warriors
  9 death yaks
  11 deep troll earth magi
  A spriggan berserker (Depths:4)
  3 soul eaters
  9 hell knights
  10 crystal echidnas
  3 wretched stars
  20 shadow wraiths
  12 skeletal warriors
  15 deep elf knights
  2 sixfirhies
  A spectral anaconda (Tar:3)
  4 pharaoh ants
  4 skysharks
  A spatial maelstrom (Abyss:3)
  8 flayed ghosts
  An anaconda zombie (Hell)
  A bunyip skeleton (Crypt:2)
  6 iron trolls
  11 deep elf archers
  13 sea snakes
  2 swamp dragons (shapeshifter)
  6 glowing orange brains
  15 orb spiders
  2 sun moths
  71 deep trolls
  6 quicksilver dragon simulacra
  An iron giant skeleton (Crypt:3)
  2 shadow demons (Hell)
  22 phantasmal warriors
  A storm dragon skeleton (Crypt:2)
  4 spriggan simulacra
  7 steelbarb worms
  14 ironbound convokers
  3 orc knights
  3 orange crystal statues
  9 necromancers
  4 lindwurms
  11 wizards
  2 iron dragon zombies (Crypt:2)
  A tengu zombie (Crypt:1)
  Pikel (D:5)
  37 deep elf pyromancers
  A fenstrider witch simulacrum (Coc:1)
  34 deep elf zephyrmancers
  A spectral fire dragon (Tar:2)
  22 harpies
  5 shining eyes
  A sphinx skeleton (Vaults:5)
  3 anaconda skeletons
  15 manticores
  A shadow dragon zombie (Crypt:2)
  A stone giant zombie (Crypt:2)
  18 moths of wrath
  21 wolf spiders
  7 fauns
  A spectral ettin (Tar:3)
  62 ugly things
  A nameless horror (Vaults:5)
  A dire elephant zombie (Crypt:2)
  8 cyclopes
  25 elephants
  An elephant (shapeshifter) (Crypt:2)
  8 titan simulacra
  A black mamba (Lair:2)
  12 merfolk sirens
  A spectral centaur (Crypt:3)
  A rust devil (Depths:2)
  2 orange demons (Depths:2)
  25 vault sentinels
  2 torpor snails
  A centaur zombie (Crypt:2)
  A large abomination (Abyss:3)
  3 water nymphs
  9 demonic crawlers
  2 ice statues (Hell)
  A gargoyle (D:14)
  2 centaur skeletons (Crypt:2)
  14 hellions
  11 cane toads
  A smoke demon (Depths:2)
  3 spectral swamp worms (Tar:7)
  16 rime drakes
  A cane toad (shapeshifter) (D:14)
  An unseen horror (D:11)
  A kobold demonologist (D:12)
  A minotaur zombie (Crypt:3)
  An iron troll zombie (Crypt:2)
  10 freezing wraiths
  11 komodo dragons
  A green draconian skeleton (Crypt:3)
  30 yaktaurs
  A sea snake skeleton (Hell)
  An elf skeleton (Vaults:5)
  3 anaconda simulacra
  An ice devil (Depths:2)
  2 tengu conjurers (Depths:2)
  21 tormentors
  2 iron giant simulacra
  A golden dragon simulacrum (Coc:4)
  A harpy zombie (Crypt:2)
  2 red devils (Depths:2)
  2 hydra zombies
  A silent spectre (Tar:1)
  2 spectral harpies
  4 trolls
  23 merfolk
  25 polar bears
  8 hornets
  A tarantella (shapeshifter) (D:13)
  7 wind drakes
  3 raiju (Abyss:3)
  2 harpy skeletons (Crypt:2)
  A shadow dragon simulacrum (Coc:1)
  12 dream sheep
  A satyr zombie (Crypt:2)
  A hydra skeleton (Hell)
  A stone giant simulacrum (Coc:2)
  31 tarantellas
  10 blink frogs
  2 iron dragon simulacra
  2 ettin skeletons
  2 air elementals
  14 culicivoras
  90 slime creatures
  8 snapping turtles
  13 flying skulls
  A vampire (D:12)
  19 water elementals
  16 spriggans
  15 jumping spiders
  5 wyverns
  12 wraiths
  8 basilisks
  9 shadows
  An ice dragon skeleton (Crypt:1)
  A slime creature zombie (Crypt:2)
  8 golden eyes
  A spriggan (shapeshifter) (Elf:2)
  6 dire elephant simulacra
  3 hogs
  Eustachio (D:5)
  A golden eye (shapeshifter) (D:14)
  32 yaks
  3 fire elementals
  2 chaos spawn
  4 steam dragons
  50 redbacks
  9 vampire mosquitoes
  12 wargs
  A minotaur simulacrum (D:15)
  Menkaure (D:7)
  9 harpy simulacra
  A two-headed ogre zombie (Crypt:1)
  3 hydra simulacra
  A spatial vortex (Abyss:3)
  An acid dragon (D:12)
  9 hell hounds
  14 water moccasins
  A two-headed ogre skeleton (Crypt:2)
  24 orc warriors
  A small abomination (Abyss:3)
  5 ettin simulacra
  2 floating eyes
  3 ice beasts
  9 black bears
  7 boggarts
  2 sky beasts
  14 ogres
  16 centaurs
  37 wolves
  2 phantoms (D:5)
  2 swamp dragon skeletons
  4 lemures (D:5)
  3 kobold brigands
  16 bullfrogs
  A salamander zombie (Crypt:2)
  A draconian skeleton (Crypt:1)
  4 deep troll simulacra (D:15)
  5 gnoll sergeants
  4 earth elementals
  2 wights (D:9)
  A human simulacrum (Vaults:5)
  15 killer bees
  A howler monkey (D:5)
  A crimson imp (D:10)
  A quasit (Abyss:3)
  42 orc priests
  3 hounds
  4 human zombies
  3 jellies
  4 iguanas
  5 hell rats (Hell)
  19 orc wizards
  2 mummies (Ossuary)
  Robin (D:2)
  8 adders
  38 gnolls
  3 white imps
  An ufetubus (D:7)
  An adder zombie (Ossuary)
  A lava snake zombie (Crypt:3)
  4 worms
  4 dart slugs
  103 orcs
  4 bats
  7 endoplasms
  7 giant cockroaches
  21 goblins
  13 hobgoblins
  5 jackals
  7 quokkas
  9 ball pythons
  5 frilled lizards
  A frilled lizard skeleton (Crypt:3)
  2 goblin zombies (Ossuary)
  8 hobgoblin zombies (Ossuary)
  A jackal skeleton (Crypt:1)
  A jackal zombie (Ossuary)
  23 kobolds
  10 kobold zombies (Ossuary)
  9 orc zombies (Ossuary)
  5 rats
  2 rat zombies (Ossuary)
  A butterfly (Lair:5)
  9 creeping infernos
  18 fire vortices
  2 tentacles (Shoals:4)
3057 creatures vanquished.

Vanquished Creatures (collateral kills)
  A dread lich (Zot:5)
  Mara (Vaults:5)
  4 shard shrikes
  2 caustic shrikes (Dis:2)
  The ghost of Woadakig the Executioner, a veteran FoFi of Dithmenos (Crypt:2)
  Margery (Crypt:3)
  Geryon (Hell)
  A golden dragon (Zot:1)
  6 profane servitors (Tar:7)
  2 Brimstone Fiends
  4 bone dragons
  2 doom hounds (Tar:7)
  5 hellephants
  A spectral shard shrike (Geh:6)
  3 Tzitzimimeh
  13 Orb Guardians (Zot:5)
  3 tentacled monstrosities
  7 Ice Fiends
  17 searing wretches
  A lich (Vaults:5)
  8 tainted leviathans
  A titan (Coc:7)
  An acid blob (Slime:5)
  An ancient champion (Hell)
  3 shadow dragons (Vaults:5)
  A death cob (Zot:5)
  4 rockslimes
  A storm dragon (Zot:1)
  3 fire giants
  8 narguns
  9 azure jellies
  A draconian knight (Zot:1)
  3 draconian monks
  6 balrugs
  A spectral juggernaut (Geh:6)
  3 iron dragons
  A quicksilver elemental (Dis:3)
  A shard shrike simulacrum (Coc:7)
  An ironbound preserver (Vaults:5)
  A draconian shifter (Zot:4)
  A reaper (Tar:7)
  2 quicksilver oozes (Slime:5)
  An elemental wellspring (Coc:2)
  A demonspawn black sun (Zot:3)
  2 vampire knights
  4 black draconians
  A green draconian (Zot:5)
  15 putrid mouths
  A yellow draconian (Zot:5)
  A wendigo (Coc:7)
  5 eidola
  2 iron golems (Dis:3)
  An ice dragon (Hell)
  2 caustic shrike simulacra
  A salamander tyrant (Geh:5)
  A bennu zombie (Crypt:1)
  A juggernaut simulacrum (Coc:7)
  4 stokers (Geh:7)
  4 hell hogs
  A vampire mage (Crypt:3)
  A spectral dire elephant (Geh:6)
  A crystal echidna (Dis:2)
  A sun demon (Hell)
  2 soul eaters (Hell)
  4 flayed ghosts
  A shadow demon (Hell)
  7 skeletal warriors
  A necromancer (Vaults:5)
  7 phantasmal warriors
  An orc knight (Vaults:5)
  3 starcursed masses (Abyss:3)
  A spectral alligator snapping turtle (Tar:3)
  2 moths of wrath
  A tengu skeleton (Crypt:1)
  A spectral centaur (Tar:2)
  A titan simulacrum (Coc:4)
  3 large abominations (Abyss:3)
  8 spectral swamp worms (Tar:7)
  A hellion (Tar:6)
  A centaur skeleton (Crypt:1)
  A bunyip simulacrum (Coc:2)
  3 tormentors
  3 freezing wraiths
  A spectral naga (Tar:1)
  2 anaconda simulacra
  A spectral two-headed ogre (Tar:1)
  2 spectral harpies
  2 ancient zymes
  An iron dragon simulacrum (Coc:5)
  An ice dragon zombie (Crypt:2)
  An alligator skeleton (Hell)
  16 slime creatures
  5 flying skulls
  A centaur simulacrum (Crypt:1)
  A shadow (Crypt:3)
  A naga simulacrum (Coc:4)
  A dire elephant simulacrum (Coc:2)
  2 water elementals (Hell)
  2 wraiths (Crypt:3)
  2 golden eyes
  2 harpy simulacra (Coc:5)
  4 spatial vortices (Abyss:3)
  A cane toad zombie (Crypt:2)
  An orc warrior (Vaults:5)
  An ettin simulacrum (Coc:6)
  A small abomination (Abyss:2)
  A manticore zombie (Crypt:3)
  A swamp dragon simulacrum (Coc:1)
  A yak skeleton (Crypt:3)
  An iron imp (Abyss:2)
  An orc (Vaults:5)
  2 creeping infernos (Geh:7)
  28 fire vortices
  A starspawn tentacle (Abyss:3)
328 creatures vanquished.

Vanquished Creatures (others)
  A caustic shrike simulacrum (Coc:5)
  A stoker (Geh:5)
  An iron troll (Depths:3)
  A deep elf pyromancer (Elf:1)
  2 anaconda simulacra
  A yak (Lair:5)
  A human (Lair:5)
  4 fire vortices
  A lurking horror (Crypt:2)
  A starspawn tentacle (Abyss:3)
  13 tentacles
27 creatures vanquished.

Grand Total: 3412 creatures vanquished

Notes
Turn   | Place    | Note
-------+----------+-------------------------------------------
     0 | D:1      | MacCMillion the Gargoyle Earth Elementalist began the quest
                  | for the Orb.
     0 | D:1      | Reached XP level 1. HP: 10/10 MP: 3/3
   137 | D:1      | Reached skill level 4 in Earth Magic
   157 | D:1      | Reached XP level 2. HP: 15/15 MP: 1/5
   754 | D:2      | Reached XP level 3. HP: 19/19 MP: 3/6
   755 | D:2      | Reached skill level 5 in Earth Magic
   761 | D:2      | Learned a level 3 spell: Stone Arrow
   839 | D:2      | Noticed Robin
   851 | D:2      | Killed Robin
   946 | D:2      | Reached skill level 1 in Conjurations
  1003 | D:2      | Reached XP level 4. HP: 24/24 MP: 3/7
  1401 | D:2      | Reached XP level 5. HP: 28/28 MP: 4/9
  2464 | D:3      | Found a runed translucent door.
  2465 | D:3      | Noticed McKennaii's ghost (amateur DgCj)
  2624 | D:3      | Reached skill level 6 in Earth Magic
  2884 | D:3      | Reached XP level 6. HP: 31/32 MP: 4/10
  3190 | D:3      | Found a glowing golden altar of the Shining One.
  3709 | D:4      | Noticed a sky beast
  3717 | D:4      | Killed a sky beast
  3976 | D:4      | Reached XP level 7. HP: 36/36 MP: 8/12
  4411 | D:4      | Reached skill level 7 in Earth Magic
  4569 | D:5      | Entered Level 5 of the Dungeon
  4622 | D:5      | Noticed Eustachio
  4675 | D:5      | Killed Eustachio
  4676 | D:5      | Reached skill level 5 in Conjurations
  4676 | D:5      | Reached skill level 8 in Earth Magic
  4717 | D:5      | Found a sand-covered staircase.
  4724 | Ossuary  | Entered an ossuary
  5084 | Ossuary  | Reached XP level 8. HP: 41/41 MP: 9/14
  5383 | D:5      | Noticed Pikel
  5450 | D:5      | Reached skill level 9 in Earth Magic
  5515 | D:5      | Reached skill level 1 in Fighting
  5940 | D:5      | Found a runed translucent door.
  6447 | D:5      | Killed Pikel
  6448 | D:5      | Reached XP level 9. HP: 53/53 MP: 7/15
  6764 | D:6      | Reached skill level 5 in Fighting
  7679 | D:6      | Found Jenulid's Antique Weapon Shop.
  7968 | D:6      | Reached skill level 5 in Dodging
  8524 | D:7      | Found a faded altar of an unknown god.
  8524 | D:7      | Found a stormy altar of Qazlal.
  8529 | D:7      | Noticed Menkaure
  8532 | D:7      | Killed Menkaure
  8595 | D:7      | Found a faded altar of an unknown god.
  8597 | D:7      | Found a hazy altar of Hepliaklqana.
  8599 | D:7      | Found a basalt altar of Yredelemnul.
  8987 | D:7      | Reached XP level 10. HP: 63/63 MP: 12/16
  9031 | D:7      | Found a staircase to the Ecumenical Temple.
  9069 | Temple   | Entered the Ecumenical Temple
  9092 | Temple   | Became a worshipper of Vehumet
  9406 | D:7      | Found Hodecec's Jewellery Boutique.
  9413 | D:7      | Bought an amulet of magic regeneration for 390 gold pieces
  9470 | D:7      | Noticed Joseph
 10410 | D:8      | Learned a level 3 spell: Frozen Ramparts
 10508 | D:8      | Reached skill level 1 in Ice Magic
 10826 | D:9      | Found a shimmering blue altar of Sif Muna.
 11032 | D:9      | Reached * piety under Vehumet
 11032 | D:9      | Offered knowledge of Shock by Vehumet.
 11221 | D:9      | Found a staircase to the Orcish Mines.
 11310 | D:9      | Reached skill level 5 in Ice Magic
 11739 | D:10     | Entered Level 10 of the Dungeon
 12184 | D:10     | Found a flagged portal.
 12191 | Bailey   | Entered a bailey
 12216 | Bailey   | Offered knowledge of Freeze by Vehumet.
 12220 | Bailey   | Noticed an orc warlord
 12221 | Bailey   | Reached ** piety under Vehumet
 12326 | Bailey   | Found a runed translucent gate.
 12329 | Bailey   | Found a runed translucent gate.
 12331 | Bailey   | Found a runed translucent gate.
 13038 | Bailey   | Killed an orc warlord
 13039 | Bailey   | Reached XP level 11. HP: 69/69 MP: 1/17
 13770 | D:10     | Found a shimmering altar of Xom.
 14058 | D:10     | Offered knowledge of Searing Ray by Vehumet.
 14103 | D:10     | Noticed a two-headed ogre
 14116 | D:10     | Killed a two-headed ogre
 14828 | D:11     | Found a staircase to the Lair.
 15755 | D:11     | Found a staircase to the Lair.
 16067 | Lair:1   | Entered Level 1 of the Lair of Beasts
 16648 | Lair:1   | Reached skill level 10 in Fighting
 16658 | Lair:1   | Reached skill level 5 in Spellcasting
 16789 | Lair:1   | Reached *** piety under Vehumet
 17050 | Lair:1   | Offered knowledge of Volatile Blastmotes by Vehumet.
 17181 | Lair:1   | Reached XP level 12. HP: 77/77 MP: 18/20
 17513 | Lair:1   | Reached skill level 11 in Earth Magic
 17513 | Lair:1   | Reached XP level 13. HP: 82/82 MP: 20/25
 17514 | Lair:1   | Gained mutation: Your large and strong wings let you fly.
                  | [Gargoyle growth]
 17514 | Lair:1   | Reached XP level 14. HP: 88/88 MP: 21/26
 17662 | Lair:2   | Found a staircase to the Shoals.
 19326 | Lair:2   | Reached skill level 10 in Shields
 19473 | Lair:2   | Reached **** piety under Vehumet
 19980 | Lair:2   | Offered knowledge of Hailstorm by Vehumet.
 21628 | Lair:3   | Found a large runed translucent door.
 21629 | Lair:3   | Found a large runed translucent door.
 21630 | Lair:3   | Noticed Befuwnopp's ghost (journeyman TrHu)
 21669 | Lair:3   | Reached ***** piety under Vehumet
 21703 | Lair:3   | Found a hole to the Spider Nest.
 21744 | Lair:3   | Offered knowledge of Plasma Beam by Vehumet.
 22528 | Lair:4   | Learned a level 2 spell: Blink
 22654 | Lair:3   | Reached skill level 1 in Translocations
 23493 | Lair:4   | Learned a level 6 spell: Plasma Beam
 23703 | Lair:4   | Found a runed translucent door.
 23704 | Lair:4   | Noticed Nyzic's ghost (journeyman TrMo)
 23903 | Lair:5   | Entered Level 5 of the Lair of Beasts
 24266 | Lair:5   | Found a staircase to the Slime Pits.
 24267 | Lair:5   | Found a viscous altar of Jiyva.
 24275 | Lair:5   | Reached skill level 1 in Fire Magic
 24277 | Lair:5   | Reached skill level 1 in Air Magic
 24360 | Lair:4   | Reached XP level 15. HP: 93/93 MP: 27/27
 24507 | Lair:5   | Noticed Kirke
 25222 | Lair:5   | Killed Kirke
 26113 | Lair:5   | Reached skill level 5 in Fire Magic
 26496 | Lair:5   | Noticed Josephine
 26506 | Lair:5   | Killed Josephine
 26706 | Lair:5   | Reached skill level 5 in Air Magic
 27744 | D:7      | Bought a ring of willpower for 325 gold pieces
 27744 | D:7      | Bought a +6 ring of intelligence for 468 gold pieces
 27842 | Orc:1    | Entered Level 1 of the Orcish Mines
 27846 | Orc:1    | Noticed Sonja
 27864 | D:9      | Learned a level 4 spell: Flame Wave
 27869 | Orc:1    | Sonja changed into Sonja the golden eye
 27869 | Orc:1    | Noticed Sonja
 27876 | Orc:1    | Killed Sonja the golden eye
 28000 | Orc:1    | Found a transporter.
 28008 | Orc:1    | Noticed Yblufa Ojint's ghost (journeyman MiBe)
 28022 | Orc:1    | Found a transporter.
 28211 | Orc:2    | Entered Level 2 of the Orcish Mines
 28231 | Orc:2    | Offered knowledge of Freezing Cloud by Vehumet.
 28238 | Orc:2    | Learned a level 5 spell: Freezing Cloud
 28343 | Orc:2    | Found a staircase to the Elven Halls.
 29324 | Orc:2    | Found Haephil's Magic Scroll Boutique.
 29497 | Orc:2    | Found Jimi's Antique Weapon Shoppe.
 29563 | Orc:2    | Found Qaexedgh Wywn's General Store.
 29604 | Orc:2    | Found Puck's Antique Armour Boutique.
 30743 | D:12     | Found a hazy altar of Hepliaklqana.
 30871 | D:12     | Reached XP level 16. HP: 98/98 MP: 15/28
 31507 | D:13     | Reached skill level 1 in Armour
 32606 | D:13     | Reached skill level 10 in Ice Magic
 33022 | D:14     | Offered knowledge of Ozocubu's Refrigeration by Vehumet.
 33887 | D:14     | Found a gate to the Vaults.
 34513 | D:15     | Entered Level 15 of the Dungeon
 34540 | D:15     | Noticed Agnes
 34546 | D:15     | Killed Agnes
 34768 | D:15     | Reached skill level 10 in Conjurations
 35074 | D:15     | Found a frozen archway.
 35083 | IceCv    | Entered an ice cave
 35261 | IceCv    | Identified the +0 pair of gloves of Umigg {Dex+3}
 35786 | IceCv    | Reached ****** piety under Vehumet
 35906 | IceCv    | Reached XP level 17. HP: 103/103 MP: 4/29
 35987 | IceCv    | Offered knowledge of Conjure Ball Lightning by Vehumet.
 36281 | IceCv    | Identified the ring "Wonomah" {rC+ Str-4 Dex+5}
 36658 | IceCv    | Identified 4 scrolls of acquirement
 36864 | D:15     | Acquired a staff of cold
 36865 | D:15     | Acquired 318 gold pieces
 36866 | D:15     | Acquired a book of the Moon
 37240 | D:15     | Noticed Azrael
 37245 | D:15     | Killed Azrael
 37310 | D:15     | Noticed Rupert
 37562 | D:15     | Killed Rupert
 37724 | D:15     | Reached skill level 1 in Evocations
 38729 | D:15     | Found a staircase to the Depths.
 38972 | D:15     | Found a portal to a secret trove of treasure.
 39317 | D:15     | Found a staircase to the Depths.
 39862 | Spider:1 | Entered Level 1 of the Spider Nest
 40948 | Spider:1 | Found a runed translucent gate.
 40948 | Spider:1 | Found a runed translucent gate.
 40949 | Spider:1 | Found a runed translucent gate.
 40951 | Spider:1 | Noticed LaMa's ghost (adept DrIE)
 41166 | Spider:1 | Reached skill level 1 in Staves
 41462 | Spider:1 | Reached skill level 15 in Shields
 41844 | Spider:1 | Identified Roxanne's Cyclopedia of the Mantle
 41844 | Spider:1 | Noticed Roxanne
 41861 | Spider:1 | Offered knowledge of Arcjolt by Vehumet.
 41952 | Spider:1 | Identified the +5 broad axe of Zuaruext {protect, *Rage
                  | +Blink rC+ rCorr}
 42181 | Spider:1 | Killed Roxanne
 43175 | Spider:2 | Learned a level 6 spell: Iron Shot
 43716 | Spider:2 | Reached skill level 5 in Evocations
 44085 | Spider:2 | Reached skill level 5 in Staves
 44733 | Spider:2 | Learned a level 5 spell: Borgnjor's Vile Clutch
 44837 | Spider:2 | Reached XP level 18. HP: 108/108 MP: 20/31
 45023 | Spider:3 | Reached skill level 1 in Necromancy
 45130 | Spider:3 | Offered knowledge of Lee's Rapid Deconstruction by Vehumet.
 45699 | Spider:3 | Reached skill level 12 in Earth Magic
 46341 | Spider:4 | Entered Level 4 of the Spider Nest
 46823 | Spider:4 | Reached skill level 13 in Earth Magic
 47074 | Spider:4 | Reached skill level 5 in Necromancy
 47959 | Spider:4 | Offered knowledge of Ignition by Vehumet.
 47971 | Spider:4 | Reached skill level 14 in Earth Magic
 48870 | Spider:4 | Got a gossamer rune of Zot
 49129 | Shoals:1 | Entered Level 1 of the Shoals
 50001 | Shoals:1 | Identified the +9 hand axe of Ducem {venom, rF++}
 50190 | Shoals:1 | Identified the +5 ring mail "Jonasoyl" {Drain rN+ Will+
                  | rCorr}
 50252 | Shoals:1 | Identified the +3 robe "Naixonuo" {rF- MP+9 Str+3}
 51013 | Shoals:1 | Reached skill level 15 in Earth Magic
 51269 | Shoals:2 | Reached skill level 5 in Armour
 51405 | Shoals:2 | Reached XP level 19. HP: 113/113 MP: 24/32
 51883 | Shoals:2 | You are sucked into a shaft and drop 1 floor!
 52032 | Shoals:3 | Offered knowledge of Shatter by Vehumet.
 52032 | Shoals:3 | Offered knowledge of Chain Lightning by Vehumet.
 52032 | Shoals:3 | Offered knowledge of Polar Vortex by Vehumet.
 52317 | Shoals:2 | Identified the +1 ring mail "Xutte" {Harm rElec Will-
                  | Str+8}
 52731 | Shoals:3 | Found a runed translucent door.
 52757 | Shoals:3 | Noticed ohados's ghost (adept FeTm)
 52778 | Shoals:3 | Noticed Nikola
 52784 | Shoals:3 | Killed Nikola
 54044 | Shoals:4 | Entered Level 4 of the Shoals
 55817 | Shoals:4 | Reached skill level 10 in Spellcasting
 56205 | Shoals:4 | Got a barnacled rune of Zot
 56485 | Shoals:4 | Identified the ring "Ucoaginn" {rElec rPois rCorr Int-4
                  | Stlth+}
 56957 | Elf:1    | Entered Level 1 of the Elven Halls
 57295 | Elf:1    | Reached XP level 20. HP: 118/124 MP: 16/34
 57656 | Elf:1    | Got Vehumet's Dissertation on Assaults
 59034 | Elf:2    | Found a runed translucent gate.
 59035 | Elf:2    | Found a runed translucent gate.
 59035 | Elf:2    | Found a runed translucent gate.
 59755 | Elf:2    | Found Quleutub's Overcharged Wands.
 59762 | Elf:2    | Paralysed by an air elemental for 1 turns
 60008 | Elf:2    | Reached skill level 10 in Armour
 60970 | Elf:3    | Entered Level 3 of the Elven Halls
 61621 | Elf:3    | Reached skill level 10 in Dodging
 61993 | Elf:3    | Identified the ring of Irotsonk {rN+ EV+5}
 61994 | Elf:3    | Reached XP level 21. HP: 132/132 MP: 18/35
 62002 | Elf:3    | Reached skill level 15 in Conjurations
 62071 | Elf:3    | Reached skill level 15 in Fighting
 62293 | Elf:3    | Found the +0 pair of fencer's gloves {Riposte Dex+3}
 62322 | Elf:3    | Found the +3 pair of mountain boots {steadfast, rC+}
 62357 | Elf:3    | Identified the +2 plate armour of Vlad {rN++}
 62361 | Elf:3    | Identified the +0 leather armour of the Hidden Ultimatums
                  | {Drain Int+3 Dex+5}
 62368 | Elf:3    | Identified the +2 plate armour of Tomorrow {+Inv rC+}
 62376 | Elf:3    | Identified the staff of fire "Kimel" {rF+ Int+5}
 62377 | Elf:3    | Identified the +1 quarterstaff "Munuli" {protect, Will+}
 62392 | Elf:3    | Identified the staff of air "Kuniur" {rElec rPois Dex+3
                  | Stlth+}
 62410 | Elf:3    | Identified the +7 broad axe of the Bear {protect, rF+ rCorr
                  | Str+3 SInv}
 62412 | Elf:3    | Identified the +0 robe of Wrong Decisions {rElec}
 62414 | Elf:3    | Identified the +2 arbalest "Qut Dura" {antimagic, rN+
                  | Will+}
 62416 | Elf:3    | Identified the +11 quarterstaff of Qazlal, Devouring
                  | {spect, Str+3}
 62475 | Elf:3    | Acquired 1004 gold pieces
 62833 | Vaults:1 | Entered Level 1 of the Vaults
 63749 | Vaults:1 | Noticed Saint Roka
 63757 | Vaults:1 | Killed Saint Roka
 64797 | Vaults:1 | Identified the +0 leather armour of Tymp {Harm rElec Str+2
                  | Int+2}
 65447 | Vaults:2 | Reached skill level 16 in Earth Magic
 66280 | Vaults:2 | Identified the scarf of Absence {+Inv, Fly Str+2 Stlth+}
 66917 | Vaults:2 | Found Qecrus's Weapon Emporium.
 66917 | Vaults:2 | Noticed Boris
 66921 | Vaults:2 | Killed Boris
 66922 | Vaults:2 | Reached skill level 17 in Earth Magic
 66932 | Vaults:2 | Found a gateway to a bazaar.
 66947 | Bazaar   | Entered a bazaar
 66947 | Bazaar   | Found Aghoagh's Armour Shoppe.
 66947 | Bazaar   | Found Xofiu's Antique Weapon Shoppe.
 67072 | Bazaar   | Found Timehatz's Weapon Emporium.
 67072 | Bazaar   | Found Qooxeod's Jewellery Emporium.
 67804 | Orc:2    | Bought a scroll of fog for 60 gold pieces
 68005 | D:15     | You paid a toll of 5 scrolls of fog to enter a treasure
                  | trove
 68006 | Trove    | Entered a treasure trove
 68006 | Trove    | Found the +18 Lear's hauberk
 68011 | Trove    | Gained mutation: Armour fits poorly on your strangely
                  | shaped body. [a shining eye]
 68013 | Trove    | Reached XP level 22. HP: 140/140 MP: 37/37
 68018 | Trove    | Identified the scarf of the Clam {harm, Int+2}
 68029 | Trove    | Identified the +1 ring mail of Limited Liability {rCorr
                  | Str+5}
 68270 | Vaults:3 | Got the Catalogue of the Algid Arsonist
 68310 | Vaults:3 | Found a magical portal.
 68315 | WizLab   | Entered Tukima's Studio
 69014 | WizLab   | Noticed MacCMillion's illusion
 69288 | Vaults:3 | Reached skill level 18 in Earth Magic
 69987 | Vaults:3 | Found Enkurch's Distillery.
 70586 | Vaults:3 | Found a staircase to the Crypt.
 70972 | Vaults:4 | Reached skill level 19 in Earth Magic
 71015 | Vaults:4 | Identified the +12 plate armour of Disappointment {Harm}
 72583 | Vaults:4 | Learned a level 9 spell: Shatter
 72830 | Depths:1 | Entered Level 1 of the Depths
 73011 | Depths:1 | Reached XP level 23. HP: 139/144 MP: 33/41
 73124 | Depths:1 | Found a gateway to Hell.
 73208 | Depths:1 | Reached skill level 20 in Earth Magic
 73364 | Depths:1 | Found a one-way gate leading to the halls of Pandemonium.
 73398 | Depths:1 | Reached skill level 15 in Spellcasting
 73483 | Depths:1 | Found a one-way gateway to a ziggurat.
 73526 | Depths:1 | Found Viqemi's Book Boutique.
 73526 | Depths:1 | Found Teylera's Jewellery Emporium.
 73528 | Depths:1 | Found Diames's Book Boutique.
 73813 | Depths:1 | Found a sacrificial altar of Ru.
 74241 | Depths:2 | Reached skill level 21 in Earth Magic
 74413 | Depths:2 | Found a one-way gate to the infinite horrors of the Abyss.
 74472 | Depths:2 | Noticed Vv
 74484 | Depths:2 | Killed Vv
 74991 | Depths:2 | Noticed a golden dragon
 75052 | Depths:2 | Killed a golden dragon
 75057 | Depths:2 | Reached skill level 22 in Earth Magic
 75683 | Depths:2 | Found a broken altar of Ashenzari.
 75683 | Depths:2 | Found a glowing silver altar of Zin.
 75687 | Depths:2 | Found a glowing golden altar of the Shining One.
 75687 | Depths:2 | Found a sacrificial altar of Ru.
 76191 | Depths:2 | Reached skill level 23 in Earth Magic
 76903 | Depths:3 | Paralysed by a floating eye for 3 turns
 77246 | Depths:2 | Reached XP level 24. HP: 126/150 MP: 32/42
 77668 | Depths:3 | Reached skill level 24 in Earth Magic
 78181 | Depths:3 | Found a hide-covered altar of Uskayaw.
 78458 | Depths:3 | Reached skill level 25 in Earth Magic
 78564 | Depths:3 | Reached skill level 1 in Summonings
 78867 | Depths:3 | Identified the +1 scale mail of Fun and Games {rF+ rC+
                  | Str-4}
 79112 | Depths:4 | Entered Level 4 of the Depths
 79145 | Depths:4 | Noticed Frederick
 79224 | Depths:4 | Killed Frederick
 79971 | Depths:4 | Found an iron altar of Okawaru.
 80053 | Depths:4 | Reached skill level 5 in Summonings
 80413 | Depths:4 | Found a gate to the Realm of Zot.
 80909 | Depths:4 | Found a glowing golden altar of the Shining One.
 80923 | Depths:4 | Found a burning altar of Makhleb.
 81071 | Depths:4 | Learned a level 7 spell: Spellforged Servitor
 81296 | Vaults:5 | Entered Level 5 of the Vaults
 81299 | Vaults:5 | Reached XP level 25. HP: 155/155 MP: 43/43
 81302 | Vaults:5 | Noticed an ancient lich
 81305 | Vaults:5 | Killed an ancient lich
 81323 | Vaults:5 | Noticed Mennas
 81325 | Vaults:5 | Noticed an ancient lich
 81541 | Vaults:5 | Killed Mennas
 81559 | Vaults:5 | Noticed a dread lich
 81566 | Vaults:5 | Killed a dread lich
 81797 | Vaults:5 | Identified the +9 mace of the Wilderness {vamp, rElec
                  | Dex+2}
 81803 | Vaults:5 | Killed an ancient lich
 81804 | Vaults:5 | Reached skill level 10 in Summonings
 81925 | Vaults:5 | Noticed Bai Suzhen
 81933 | Vaults:5 | Killed Bai Suzhen
 82171 | Vaults:5 | Identified the +1 leather armour of the Gate {*Slow rPois
                  | Will+}
 82406 | Vaults:5 | Identified the +1 ring mail "Kuangac" {Fly Dex+4}
 82423 | Vaults:5 | Identified the ring of Day {Drain rF++ Will+ Str+4}
 82475 | Vaults:5 | Identified the +5 spear of Cheibriados, Shrinking {venom,
                  | rPois Will- Int+5 Stlth+}
 82612 | Vaults:5 | Identified the staff of poison "Obathiuf" {Fly rPois rN+
                  | SInv}
 82775 | Vaults:5 | Identified the +10 war axe of Thoughtfulness {vamp, rPois
                  | Int-3 Dex+3 SInv}
 83046 | Vaults:5 | Noticed a dread lich
 83050 | Vaults:5 | Killed a dread lich
 83068 | Vaults:5 | Identified the +1 scale mail of the Grue {rC+ Will+}
 83073 | Vaults:5 | Got a silver rune of Zot
 83075 | Vaults:5 | Got Sif Muna's Compilation of Terra Firma and Leadership
 83281 | Vaults:5 | Noticed Mara
 83284 | Vaults:5 | Killed Mara
 83426 | Crypt:1  | Entered Level 1 of the Crypt
 83593 | Crypt:1  | Upgraded the game from 0.30.0-7-g0c4daa9e05 to
                  | 0.30.0-10-gfe55d96785
 83670 | Crypt:1  | Reached XP level 26. HP: 160/160 MP: 42/44
 84844 | Crypt:2  | Found a transporter.
 84957 | Crypt:2  | Identified the ring "Acvioroi" {rPois Str+6}
 84959 | Crypt:2  | Noticed Woadakig's ghost (veteran FoFi)
 85582 | Crypt:2  | Found a transporter.
 86008 | Crypt:2  | Killed Woadakig's ghost
 86670 | Crypt:3  | Entered Level 3 of the Crypt
 86764 | Crypt:3  | Noticed Margery
 86768 | Crypt:3  | Killed Margery
 87743 | Crypt:3  | Identified the +1 plate armour of Norroppu {Contam Will+
                  | Int+2 Stlth+}
 88548 | Crypt:3  | Found a staircase to the Tomb.
 88603 | Crypt:3  | Found a basalt altar of Yredelemnul.
 89197 | Crypt:3  | Found the +7 sceptre of Torment {pain, torment}
 89656 | Zot:1    | Entered Level 1 of the Realm of Zot
 89775 | Zot:1    | Reached XP level 27. HP: 170/170 MP: 20/44
 91294 | Zot:1    | Identified the +5 spear of the Pyrrhic Victory {vamp, rC++
                  | Int-4}
 91347 | Zot:1    | Identified the ring "Buexy" {EV+5 Str+3 Slay-2 Stlth+}
 92961 | Zot:2    | Reached skill level 10 in Fire Magic
 93344 | Zot:2    | Learned a level 8 spell: Lehudib's Crystal Spear
 93353 | Zot:2    | Learned a level 8 spell: Ignition
 93790 | Zot:2    | Identified the +0 cloak of Hangman {Rampage Drain Dex-4
                  | SInv}
 93836 | Zot:2    | Found Dishroeho's CLEARANCE SALE!.
 94541 | Zot:3    | Noticed an orb of fire
 94545 | Zot:3    | Gained mutation: Your magical capacity is low. (-10% MP)
                  | [an orb of fire]
 94556 | Zot:3    | Killed an orb of fire
 95277 | Zot:3    | Identified the +0 dagger of Okawaru's Inspiration {drain,
                  | rF+}
 95637 | Zot:4    | Noticed an orb of fire
 95638 | Zot:4    | Gained mutation: You are frail. (-10% HP) [an orb of fire]
 95640 | Zot:4    | Killed an orb of fire
 97389 | Zot:5    | Entered Level 5 of the Realm of Zot
 97757 | Zot:5    | Reached skill level 15 in Fire Magic
 98258 | Zot:5    | Noticed an orb of fire
 98260 | Zot:5    | Noticed a dread lich
 98720 | Zot:5    | Noticed an orb of fire
 98731 | Zot:5    | Killed an orb of fire
 98849 | Zot:5    | Killed an orb of fire
 98887 | Zot:5    | Noticed a dread lich
 98890 | Zot:5    | Killed a dread lich
 98899 | Zot:5    | Noticed a dread lich
 98902 | Zot:5    | Killed a dread lich
 98906 | Zot:5    | Killed a dread lich
 99028 | Zot:5    | Noticed a dread lich
 99040 | Zot:5    | Killed a dread lich
 99522 | Zot:5    | Reached skill level 15 in Dodging
100187 | Zot:5    | Lost mutation: You are frail. (-10% HP) [potion of
                  | mutation]
100187 | Zot:5    | Lost mutation: Armour fits poorly on your strangely shaped
                  | body. [potion of mutation]
100187 | Zot:5    | Lost mutation: Your magical capacity is low. (-10% MP)
                  | [potion of mutation]
100187 | Zot:5    | Gained mutation: You are somewhat resistant to further
                  | mutation. [potion of mutation]
101227 | Zot:5    | Reached skill level 15 in Armour
101831 | Depths:1 | Bought the ring "Wuzaoxal" {rC+ rCorr} for 752 gold pieces
102448 | Lair:5   | Found a viscous altar of Jiyva.
102448 | Lair:5   | Found a staircase to the Slime Pits.
103017 | Slime:1  | Entered Level 1 of the Pits of Slime
104361 | Slime:3  | Found a viscous altar of Jiyva.
104772 | Slime:5  | Entered Level 5 of the Pits of Slime
104935 | Slime:5  | Noticed Dissolution
104943 | Slime:5  | Killed Dissolution
105076 | Slime:5  | Noticed the Royal Jelly
105081 | Slime:5  | Killed the Royal Jelly
105403 | Slime:5  | Found the +10 morningstar "Eos" {elec, Halo rElec}
105407 | Slime:5  | Identified the +6 flail of Corruption {drain, rF+ Will-
                  | SInv}
105422 | Slime:5  | Identified the +0 chain mail "Orirchuq" {Str+3 Dex+4
                  | Stlth+}
105449 | Slime:5  | Identified the amulet of the Eagle {Acrobat rPois rF++
                  | rCorr Int-3}
105450 | Slime:5  | Identified the +0 robe of Rossozat {-Tele Rampage rElec
                  | Dex-5}
105470 | Slime:5  | Got the Precepts of Permutations and the Grave
105478 | Slime:5  | Got Hoirphio's Verses on Conflagration and the Familiar
105490 | Slime:5  | Got a slimy rune of Zot
105509 | Slime:5  | Identified the +2 robe of Zuiqeus {rF- Dex+3 Archmagi}
105518 | Slime:5  | Identified the +0 leather armour "Fonujoja" {Will+ Int+2}
106175 | Slime:4  | Gained mutation: Your magical capacity is low. (-10% MP) [a
                  | shining eye]
106936 | Depths:2 | Voluntarily entered the Abyss.
106974 | Abyss:2  | Found a corrupted altar of Lugonu.
107087 | Abyss:3  | Found a corrupted altar of Lugonu.
107090 | Abyss:3  | Reached skill level 5 in Stealth
107105 | Abyss:3  | Got an abyssal rune of Zot
107303 | Depths:2 | Escaped the Abyss
107471 | Hell     | Entered the Vestibule of Hell
107471 | Hell     | Noticed Geryon
107478 | Hell     | Killed Geryon
108123 | Hell     | Found a gateway to the decaying netherworld of Tartarus.
108364 | Hell     | Found a gateway to the ashen valley of Gehenna.
108501 | Hell     | Found a gateway to the Iron City of Dis.
108575 | Hell     | Found a gateway to the freezing wastes of Cocytus.
108859 | Geh:1    | Entered Level 1 of Gehenna
109601 | Geh:3    | Reached skill level 10 in Stealth
112469 | Geh:7    | Entered Level 7 of Gehenna
115062 | Geh:7    | Identified the staff of air "Etiwia" {Drain rElec rC+++
                  | rN++}
115077 | Geh:7    | Found the +13 sceptre of Asmodeus
115077 | Geh:7    | Noticed Asmodeus
115086 | Geh:7    | Killed Asmodeus
115234 | Geh:7    | Got an obsidian rune of Zot
115491 | Coc:1    | Entered Level 1 of Cocytus
115502 | Coc:1    | Noticed a dread lich
115516 | Coc:1    | Killed a dread lich
115579 | Coc:1    | Paralysed by a wendigo for 1 turns
117767 | Coc:5    | Learned a level 5 spell: Fireball
118089 | Coc:7    | Entered Level 7 of Cocytus
118956 | Coc:7    | Noticed a dread lich
119072 | Coc:7    | Killed a dread lich
119319 | Coc:7    | Paralysed by a wendigo for 1 turns
119372 | Coc:7    | Identified the +3 mace "Xotu" {venom, rC+ Dex+4}
119372 | Coc:7    | Noticed Antaeus
119699 | Coc:7    | Killed Antaeus
119768 | Coc:7    | Got an icy rune of Zot
119772 | Coc:7    | Identified the +8 plate armour of the Stars {Harm Str-2
                  | Dex+3}
119774 | Coc:7    | Identified the +1 scale mail of Dyspraxia {rElec Str-2
                  | Int+2}
119971 | Tar:1    | Entered Level 1 of Tartarus
121162 | Tar:3    | Noticed an ancient lich
121169 | Tar:3    | Killed an ancient lich
123110 | Tar:7    | Entered Level 7 of Tartarus
125704 | Tar:7    | Reached skill level 10 in Staves
126285 | Tar:7    | Identified the ring of the Middle {Fly rPois}
126558 | Tar:7    | Reached skill level 26 in Earth Magic
127039 | Tar:7    | Found the -2 hat of the Alchemist {rElec rPois rF+ rC+ rN+
                  | Will+ rMut rCorr}
127058 | Tar:7    | Identified the +6 plate armour "Cita" {+Inv Int+4}
127457 | Tar:7    | Noticed Ereshkigal
127466 | Tar:7    | Killed Ereshkigal
127790 | Tar:7    | Got Rileu's Almanac of Calculation
127791 | Tar:7    | Identified the staff of poison "Susufrih" {rPois rF+ rC+
                  | rN+ Will+}
127797 | Tar:7    | Got a bone rune of Zot
127803 | Tar:7    | Identified the +8 flail of Kindness {protect, Will+}
128239 | Dis:1    | Entered Level 1 of the Iron City of Dis
129301 | Dis:4    | HP: 1/188 [acid (10)]
129304 | Dis:4    | Demolished by a caustic shrike

Illustrated notes

Levels and vault maps discovered:
D:1:      ncdulo_halloftheorcs, layout_basic
D:2:      layout_rooms, grunt_ministairs_5, minmay_between, uniq_robin
D:3:      minmay_diamond_boxcup, layout_basic, tso_oasis_becter,
          ebering_ghost_reflecting_pool
D:4:      layout_loops_corners, minivault_11
D:5:      layout_gridville, chequers_ossuary_entry_cave, minivault_5,
          grunt_decor_cap, lightli_church_of_beogh, uniq_pikel, uniq_eustachio
D:6:      layout_layer_cave, serial_shops, shop, kennysheep_generic_room_2
D:7:      layout_loops_ring, chequers_temple_overflow_minitemple,
          minmay_temple_entry_drinking_statues, serial_shops, kennysheep_mini,
          minmay_stone_trees_medium, nrook_uturn, uniq_menkaure, uniq_joseph
D:8:      layout_basic
D:9:      layout_loops_ring, nicolae_sif_muna_condensation, erik_orc_3
D:10:     layout_grid_maze, xom_teletrap_fun, enter_bailey_3,
          minmay_fire_ice_demons
D:11:     layout_rooms, david_lair_generic, st_stairs_7
D:12:     layout_rooms, nicolae_hepliaklqana_hippocampus
D:13:     layout_gridville, wad_floor_pattern_2, palyth_stone_intersect
D:14:     layout_roguey, david_vaults_2, amcnicky_mini_pool_small,
          minmay_fractal_squares_gapless_5
D:15:     grunt_enter_depths_hoard, layout_long_grid,
          portal_ice_cave_entry_ice_simulacra, minmay_crystal_water,
          nicolae_trove_entry_diagonal, uniq_agnes, uniq_rupert, uniq_azrael
Temple:   nicolae_temple_bog_church
Lair:1:   layout_loops_ring
Lair:2:   layout_cave_pods, minmay_shoals_entry_beasts
Lair:3:   layout_roguey, spider_nest_entry_funnel_web,
          ebering_ghost_disaster_area, minmay_lair_oklob_bushes,
          beast_lair_carwin_4
Lair:4:   layout_roguey, ebering_ghost_reflecting_pool, grunt_megastairs_4,
          lemuel_fruit_fields
Lair:5:   minmay_lair_end_enchanted_forest, layout_regular_city,
          minmay_slime_entry_pillars, uniq_josephine, uniq_kirke
Shoals:1: layout_shoals, argonaut_gorgonesque
Shoals:2: layout_shoals
Shoals:3: layout_shoals, gammafunk_ghost_grave, nicolae_shoals_hunting_party,
          uniq_nikola
Shoals:4: shoals_end_hangedman, layout_shoals, abandoned_shop
Spider:1: layout_spider_delve, gammafunk_ghost_necromancy, uniq_roxanne
Spider:2: layout_spider_delve, hellmonk_watch_for_rolling_rocks,
          hangedman_spider_tarantella_strand
Spider:3: layout_spider_delve
Spider:4: hellmonk_spider_rune_endless_swarm
Slime:1:  layout_caves
Slime:2:  layout_caves, cheibrodos_slime_lost_civilization_6
Slime:3:  layout_caves, basic_altar
Slime:4:  layout_caves
Slime:5:  uniq_dissolution
Orc:1:    layout_caves, gammafunk_ghost_stat_death, uniq_sonja
Orc:2:    st_orc_town, layout_caves
Elf:1:    minmay_elf_arrival_summoners, layout_loops_corners, serial_aquarium,
          aquarium_bridge_square [aquarium_subvault_wall,
          aquarium_subvault_window, aquarium_subvault_window,
          aquarium_subvault_bridge], aquarium_window_corner,
          aquarium_window_corridor_2, aquarium_view_2c, aquarium_view_2b,
          aquarium_pool_2, minmay_elf_annihilation
Elf:2:    nicolae_elf_blades_crystal_corner, layout_onion_city,
          minmay_misc_feat_columns, nicolae_shop_overcharged_wands
Elf:3:    elf_hall, layout_onion_city
Vaults:1: hangedman_vaults_river_flow, v_pattern_3,
          nicolae_vaults_diagonal_hallway_7, nicolae_vaults_circle_grid_a,
          v_alt_pattern_1, ontoclasm_vaults_shuriken, v_misc_19, v_misc_13,
          nicolae_vaults_diagonal_hallway_6, vaults_room_stairs_pillars,
          layout_vaults_omnigrid, uniq_saint_roka
Vaults:2: ontoclasm_vaults_idyll, nicolae_vaults_heart-shaped_vault,
          nicolae_vaults_more_shelving_2, nicolae_vaults_network_square,
          v_misc_9, nicolae_vaults_network_barrier,
          nicolae_vaults_taking_the_gang_shopping,
          nicolae_vaults_little_squares_2, vaults_room_fancy_cross,
          vaults_room_glass_cross, vaults_room_grid,
          nicolae_vaults_diagonal_hallway_7, layout_vaults_maze, serial_shops,
          bzr_entry_safe, uniq_boris
Vaults:3: mu_enter_wizlab_1, nicolae_vaults_back_hallway, nicolae_vaults_heist,
          vaults_standard_mumra_lines, nicolae_vaults_mitosis, serial_ice_h,
          minmay_crypt_entry_simple_corners, ontoclasm_vaults_gateway,
          v_pattern_2, v_misc_25, grunt_vaults_swirl,
          nicolae_vaults_sesquioval_fish, nicolae_vaults_layer_cake_slice,
          layout_vaults_ring, serial_shops, shop
Vaults:4: vaults_mumra_lcd, nicolae_vaults_turnstiles, v_misc_32,
          dpeg_vaults_monster_box, vaults_room_corners,
          nicolae_vaults_windows_and_doors_thing, hangedman_vaults_locks,
          nicolae_vaults_tetromino_T_1, nicolae_vaults_apartment_1,
          nicolae_vaults_surprise_closet_hard, layout_vaults_omnicross
Vaults:5: uniq_mennas, uniq_mara, uniq_bai_suzhen
Crypt:1:  layout_misc_corridors, serial_glass, glass_columns_b, glass_columns_a,
          st_stairs_13
Crypt:2:  hangedman_screamer, layout_misc_corridors,
          gammafunk_ghost_abyssal_escape
Crypt:3:  church_of_pain_bobbens, layout_chaotic_city,
          tomb_entry_forgotten_bobbens, uniq_margery
Depths:1: layout_basic, enter_ziggurat_e, kennysheep_boxes, hell_entry,
          rand_demon_pan_entry_3, special_room [special_room_mythical_zoo],
          nicolae_ru_path_of_blood, minmay_shop_grove
Depths:2: minmay_the_grid_octo_tiled_squarecenter_mashed
          [minmay_the_grid_octo_pinwheel, minmay_the_grid_octo_shrine,
          minmay_the_grid_octo_77, minmay_the_grid_octo_focus,
          minmay_the_grid_square_5x5_megaprize_hollow,
          minmay_the_grid_square_5x5_mess,
          minmay_the_grid_square_5x5_pentomino_r,
          minmay_the_grid_square_5x5_inner_v,
          minmay_the_grid_square_5x5_six_small], layout_basic,
          grunt_pan_entry_spiral, minmay_misc_feat_tiny, abyss_entry_glasseish,
          hell_entry, uniq_vv
Depths:3: cheibrodos_spurs, layout_long_grid, grunt_mini_vestibule,
          rand_demon_pan_entry_7, nicolae_uskayaw_murder_on_the_dancefloor,
          abyss_entry
Depths:4: grunt_twist_and_shout, layout_gridlike, pan_entry, hell_entry,
          okawaru_gym_becter, abyss_entry, nzn_life_drinkers, uniq_frederick
Hell
Dis:1:    layout_gridville, nicolae_dis_strange_trophy_room
Dis:2:    layout_jigsaw
Dis:3:    layout_gridville, nicolae_dis_distal_crystal
Dis:4:    layout_gridville
Geh:1:    layout_gehenna_pools_box
Geh:2:    layout_gehenna_lava_caves
Geh:3:    layout_gehenna_pools_box
Geh:4:    layout_gehenna_pools_basic
Geh:5:    layout_gehenna_pools_basic, nicolae_geh_amphitheater
Geh:6:    layout_gehenna_lava_caves, nicolae_geh_niches_of_the_damned
Geh:7:    geh_old
Coc:1:    layout_cocytus_delve
Coc:2:    layout_cocytus_delve
Coc:3:    layout_ice_bergs
Coc:4:    nicolae_coc_naught_crossing, layout_cocytus_water_paths
Coc:5:    layout_cocytus_water_paths
Coc:6:    layout_cocytus_delve
Coc:7:    coc_grunt
Tar:1:    layout_cathedral_of_symmetry, nicolae_tar_honey_chapel
Tar:2:    layout_grid_maze
Tar:3:    layout_grid_maze
Tar:4:    layout_grid_maze
Tar:5:    layout_catacombs
Tar:6:    layout_honeycomb, nicolae_tar_honey_rotating
Tar:7:    tar_minmay_river
Zot:1:    layout_gridlike, st_large_dragon_hoard_2
Zot:2:    layout_onion, nicolae_shop_clearance
Zot:3:    dreamdust_black_sun_cult, layout_onion_interference
Zot:4:    layout_concentric_octagons, uniq_josephina
Zot:5:    layout_gridlike

Skill      XL: |  1  2  3  4  5  6  7  8  9 10 11 12 13 14 15 16 17 18 19 20 21 22 23 24 25 26 27 |
---------------+----------------------------------------------------------------------------------+-----
Earth Magic    | 4 5 6 8 9 11 15 17 19 23 25 26 | 26.6
Conjurations   | 1 2 3 5 6 7 12 13 14 15 16 18 21 | 21.8
Spellcasting   | 3 4 5 8 9 10 11 14 15 16 17 21 | 21.2
Fighting       | 4 7 8 10 12 14 15 16 23 | 23.4
Dodging        | 4 6 7 8 10 12 14 15 | 15.3
Stealth        | 4 12 | 12.0
Ice Magic      | 7 8 9 11 12 13 | 13.0
Shields        | 8 14 15 | 15.0
Translocations | 3 4 |  4.0
Fire Magic     | 1 7 8 20 | 20.0
Air Magic      | 1 6 7 |  7.0
Armour         | 4 5 8 10 12 19 | 19.7
Evocations     | 5 |  5.7
Staves         | 5 11 | 11.9
Necromancy     | 7 |  7.0
Summonings     | 7 12 13 | 13.8
Transmutations | |  0.7

Action                     |  1- 3 |  4- 6 |  7- 9 | 10-12 | 13-15 | 16-18 | 19-21 | 22-24 | 25-27 || total
---------------------------+-------+-------+-------+-------+-------+-------+-------+-------+-------++-------
  Melee: Staff             |       |       |       |       |       |    26 |    28 |    15 |   233 ||   302
   Fire: Sling             |    18 |    63 |    99 |    51 |    81 |    15 |       |       |       ||   327
   Cast: Sandblast         |    42 |    92 |   206 |   306 |   463 |     2 |       |       |       ||  1111
         Stone Arrow       |       |       |     7 |    58 |   188 |   713 |   426 |   200 |    38 ||  1630
         Frozen Ramparts   |       |       |       |    18 |    73 |       |       |       |       ||    91
         Blink             |       |       |       |       |     2 |     1 |     1 |    10 |     9 ||    23
         Freezing Cloud    |       |       |       |       |    27 |   234 |   198 |    75 |     3 ||   537
         Flame Wave        |       |       |       |       |     3 |    10 |       |       |       ||    13
         Iron Shot         |       |       |       |       |       |    17 |    60 |   304 |   761 ||  1142
         Borgnjor's Vile C |       |       |       |       |       |    45 |   228 |   311 |   330 ||   914
         Shatter           |       |       |       |       |       |       |       |     2 |   183 ||   185
         Spellforged Servi |       |       |       |       |       |       |       |       |   342 ||   342
         Lehudib's Crystal |       |       |       |       |       |       |       |       |   247 ||   247
         Ignition          |       |       |       |       |       |       |       |       |    54 ||    54
         Fireball          |       |       |       |       |       |       |       |       |    11 ||    11
  Evoke: Lightning rod     |       |       |       |       |    10 |       |       |       |     1 ||    11
         Wand              |       |       |       |       |     5 |     1 |     4 |       |     1 ||    11
         Phantom mirror    |       |       |       |       |       |     1 |       |       |     1 ||     2
    Use: Scroll            |       |       |       |    17 |     3 |    14 |     4 |     2 |    15 ||    55
         Potion            |       |       |       |     3 |     2 |     4 |     3 |     3 |    27 ||    42
   Stab: Distracted        |       |       |       |       |       |       |       |       |     6 ||     6
         Sleeping          |       |       |       |       |       |       |       |       |     3 ||     3
 Armour: Robe              |     2 |    18 |    44 |    94 |    64 |       |       |       |       ||   222
         Leather armour    |       |       |       |       |   171 |       |       |       |       ||   171
         Acid dragon scale |       |       |       |       |       |   155 |    70 |       |       ||   225
         Ring mail         |       |       |       |       |       |       |    66 |   100 |    97 ||   263
         Quicksilver drago |       |       |       |       |       |       |       |       |   286 ||   286
         Ice dragon scales |       |       |       |       |       |       |       |       |    59 ||    59
  Dodge: Dodged            |     4 |    23 |    55 |   198 |   253 |   136 |   148 |   138 |   439 ||  1394
         Repelled          |       |       |       |       |       |       |    10 |     9 |    49 ||    68
  Block: Kite shield       |       |       |       |       |   301 |   186 |   183 |   145 |   412 ||  1227
